Map: Tourmaline LE

Players

Sindyr - Winner!

  • Race: Zerg Zerg
  • League: Master
  • Spawn Location: 1:00

herO

  • Race: Terran Terran
  • League: Gold
  • Spawn Location: 7:00

VOD

Have the link to the VOD?

Description

Time

  • Played on: Jan. 17, 2026, 2:04 p.m.
  • Length: 14:16
Show
View Real Time Build Order
Export as new Build Order

Sindyr Zerg - Winner!

Build Orders: Hatch First 

Get SALT Encoding   

  12  0:02  Drone  
  13  0:12  Overlord  
  13  0:21  Drone  
  14  0:31  Drone x2  
  14  0:34  Drone  
  17  0:53  Hatchery  
  16  1:04  Drone x2  
  18  1:07  Extractor  
  17  1:16  Spawning Pool  
  17  1:17  Drone  
  17  1:30  Drone x2  
  19  1:39  Overlord  
  19  1:54  Drone  
  20  2:07  Queen x2  
  24  2:11  Drone x3  
  27  2:18  Baneling Nest  
  27  2:20  Drone  
  27  2:48  Drone  
  27  2:53  Metabolic Boost  
  27  2:57  Overlord x2  
  27  3:07  Drone x2  
  27  3:08  Drone x2  
  31  3:23  Hatchery  
  31  3:24  Evolution Chamber  
  29  3:27  Extractor  
  29  3:28  Queen, Evolution Chamber  
  29  3:35  Lair  
  29  3:44  Zergling x6  
  29  3:46  Zergling x2  
  33  4:01  Drone x2  
  33  4:02  Drone x3  
  38  4:21  Drone x3  
  38  4:24  Drone x2  
  43  4:37  Queen  
  45  4:45  Zerg Melee Weapons Level 1  
  45  4:49  Centrifugal Hooks  
  45  4:50  Extractor  
  44  4:55  Drone x4  
  44  4:57  Drone x3  
  44  4:58  Drone  
  44  4:59  Drone x6  
  58  5:02  Overlord  
  58  5:20  Drone x2  
  60  5:22  Drone  
  60  5:26  Zerg Ground Armor Level 1  
  62  5:28  Drone x3  
  62  5:35  Extractor  
  63  5:36  Zergling x4  
  63  5:37  Zergling x2  
  63  5:41  Overlord x3  
  66  5:53  Spine Crawler  
  66  5:54  Spine Crawler  
  66  5:56  Spine Crawler x2  
  66  5:57  Baneling x2, Spine Crawler  
  62  5:58  Spine Crawler  
  60  6:14  Roach Warren, Zergling x8  
  60  6:15  Zergling x16  
  60  6:17  Baneling x8  
  71  6:18  Baneling  
  71  6:31  Drone x2  
  73  6:44  Drone x4, Spore Crawler x2  
  73  6:45  Drone x2, Spore Crawler  
  76  6:51  Drone x3  
  79  7:06  Hatchery  
  78  7:09  Zerg Melee Weapons Level 2  
  78  7:16  Infestation Pit  
  78  7:18  Hydralisk Den  
  78  7:19  Drone x4  
  78  7:20  Drone x2  
  82  7:27  Extractor, Overseer  
  82  7:28  Extractor  
  80  7:38  Zerg Ground Armor Level 2  
  80  7:46  Drone x2  
  82  7:57  Overlord x3  
  82  7:59  Hive  
  82  8:00  Pneumatized Carapace  
  82  8:18  Queen  
  84  8:21  Drone x9  
  84  8:22  Drone x4  
  97  8:53  Spore Crawler  
  97  8:54  Drone x5  
  101  9:01  Overlord  
  101  9:02  Overlord x5  
  101  9:18  Extractor  
  101  9:22  Hatchery  
  99  9:25  Overseer  
  99  9:30  Zerg Melee Weapons Level 3  
  99  9:36  Glial Reconstitution  
  99  9:37  Ultralisk Cavern  
  99  9:38  Adrenal Glands  
  98  10:16  Zerg Ground Armor Level 3  
  98  10:19  Muscular Augments  
  98  10:23  Overlord x3  
  98  10:24  Overlord x3  
  98  10:27  Overseer  
  98  10:57  Chitinous Plating  
  98  11:08  Extractor  
  97  11:11  Spine Crawler  
  97  11:13  Spine Crawler  
  97  11:15  Spine Crawler  
  94  11:23  Grooved Spines  
  94  11:36  Burrow  
  94  11:42  Drone x3  
  97  11:47  Baneling x8  
  97  11:48  Baneling x19  
  97  11:51  Ultralisk x4  
  97  11:52  Roach x9, Hydralisk x2, Ultralisk  
  97  11:53  Roach x4, Hydralisk x2, Ultralisk  
  169  11:54  Roach, Zergling x2  
  169  11:55  Zergling x54  
  169  11:56  Zergling x6  
  200  12:07  Zerg Missile Weapons Level 1  
  200  12:16  Anabolic Synthesis  
  200  12:18  Baneling x17  
  200  12:19  Baneling  
  180  13:19  Zergling x32  
  181  13:20  Zergling x2  
  181  13:21  Zergling x4  
  181  13:22  Zergling x6, Roach x2  
  181  13:23  Overlord x6  
  181  13:24  Overlord x2  
  167  13:30  Hydralisk x4, Roach x2  
  167  13:31  Roach  
  167  13:32  Zergling x10  
  164  13:38  Hydralisk  
  164  13:39  Hydralisk x2, Roach x3  
  164  13:40  Roach  
  139  13:59  Extractor  
  139  14:00  Extractor  
Show
View Real Time Build Order
Export as new Build Order

herO Terran 

Build Orders:  

Get SALT Encoding   

  12  0:00  SCV  
  13  0:12  SCV  
  14  0:19  Supply Depot  
  14  0:24  SCV  
  15  0:40  SCV  
  15  0:42  Barracks  
  16  0:51  Refinery  
  16  0:52  SCV  
  17  1:04  SCV  
  18  1:11  Refinery  
  18  1:16  SCV  
  19  1:29  Orbital Command  
  19  1:30  Marine  
  19  1:32  Supply Depot  
  20  1:48  Marine  
  20  1:51  Factory  
  21  1:54  SCV  
  22  2:06  SCV  
  22  2:07  Barracks  
  23  2:10  Marine  
  24  2:18  SCV  
  24  2:22  Supply Depot  
  25  2:28  Marine  
  26  2:30  SCV  
  26  2:34  Factory Tech Lab  
  27  2:43  SCV  
  28  2:45  Marine  
  29  2:53  Siege Tank  
  29  2:55  Barracks Tech Lab  
  29  2:57  Starport  
  32  3:04  Supply Depot  
  32  3:05  SCV  
  33  3:13  Stimpack  
  33  3:14  Barracks Reactor  
  33  3:21  SCV  
  34  3:27  Siege Tank  
  37  3:44  Command Center  
  37  3:51  SCV, Medivac  
  37  3:55  Marine x2  
  42  4:02  Marauder  
  44  4:03  SCV  
  45  4:10  Supply Depot  
  45  4:14  Marine x2  
  47  4:31  SCV  
  47  4:32  Marine x2  
  47  4:33  Supply Depot, Marauder  
  47  4:34  Medivac  
  54  4:45  Engineering Bay  
  54  4:48  SCV  
  55  4:53  Combat Shield  
  55  4:55  Orbital Command  
  55  5:06  Siege Tank  
  58  5:08  Marine  
  58  5:09  Marine  
  60  5:15  Missile Turret  
  60  5:17  SCV  
  60  5:21  SCV  
  62  5:24  Marauder  
  62  5:25  Medivac  
  66  5:33  SCV x2  
  68  5:37  Supply Depot  
  68  5:38  Terran Infantry Weapons Level 1  
  68  5:45  SCV  
  68  5:48  Refinery  
  69  5:50  Refinery  
  69  5:51  Marauder  
  69  5:52  Marine x2  
  73  5:57  Starport Reactor, Supply Depot, SCV  
  74  6:09  SCV  
  74  6:10  Marine x2  
  77  6:13  Siege Tank  
  80  6:18  Missile Turret  
  80  6:21  SCV  
  81  6:29  Marauder, Concussive Shells  
  83  6:33  SCV  
  83  6:35  Barracks  
  83  6:38  Supply Depot  
  84  6:41  Marine x2  
  86  6:47  Siege Tank  
  89  6:58  SCV  
  89  7:00  Supply Depot  
  90  7:02  Supply Depot  
  90  7:04  SCV  
  90  7:06  Viking x2  
  95  7:09  Marauder  
  95  7:10  Marine, SCV  
  95  7:12  Marine  
  100  7:21  Siege Tank  
  100  7:22  SCV  
  104  7:24  Barracks  
  104  7:25  Supply Depot  
  104  7:31  Barracks Tech Lab  
  104  7:33  Terran Infantry Armor Level 1  
  104  7:34  Marauder  
  106  7:41  Supply Depot  
  106  7:48  Marine x2  
  106  7:51  SCV  
  109  7:58  Command Center  
  109  8:01  Armory  
  109  8:02  Viking  
  109  8:03  Medivac  
  113  8:15  Barracks  
  113  8:16  Marauder x2, Marine x2  
  113  8:17  Barracks Tech Lab  
  119  8:30  SCV  
  120  8:35  SCV  
  120  8:38  Marauder x2  
  120  8:39  Marine x2, Marauder  
  129  8:44  Viking  
  129  8:47  SCV  
  132  8:49  Terran Vehicle Weapons Level 1  
  132  8:56  SCV  
  132  8:59  SCV  
  134  9:05  Supply Depot  
  134  9:08  Supply Depot  
  134  9:10  SCV  
  134  9:11  SCV  
  134  9:13  Orbital Command  
  136  9:19  Siege Tank  
  136  9:22  SCV  
  136  9:23  Missile Turret, SCV  
  141  9:26  Terran Infantry Weapons Level 2  
  141  9:29  Refinery  
  141  9:30  Supply Depot, Refinery  
  141  9:34  SCV  
  141  9:35  SCV  
  143  9:43  Viking x2  
  147  9:47  Supply Depot  
  147  9:52  Marauder  
  149  9:53  Barracks Tech Lab  
  149  9:56  SCV  
  150  10:08  SCV  
  150  10:11  Supply Depot  
  150  10:12  Marauder x2, Marine x2  
  157  10:18  Supply Depot  
  157  10:22  Command Center  
  157  10:28  Factory  
  157  10:34  Supply Depot  
  157  10:35  SCV  
  158  10:41  Supply Depot  
  158  10:42  Marauder x3, Marine x2  
  166  10:43  Terran Vehicle And Ship Armor Level 1  
  166  10:46  Siege Tank  
  166  10:47  SCV  
  170  10:51  Marauder  
  172  10:59  SCV  
  172  11:00  Marine  
  174  11:10  Barracks  
  174  11:11  SCV  
  174  11:12  Starport  
  175  11:18  Viking x2  
  175  11:23  SCV  
  180  11:34  Missile Turret  
  180  11:36  Planetary Fortress  
  180  11:42  Terran Infantry Armor Level 2  
  180  11:54  Missile Turret  
  180  11:58  Barracks  
  180  12:11  Factory Tech Lab, Starport Reactor  
  180  12:14  Missile Turret  
  180  12:24  SCV  
  181  12:34  Missile Turret  
  181  12:36  SCV  
  182  12:48  SCV  
  182  12:55  Missile Turret  
  182  12:56  Thor  
  187  13:00  SCV  
  187  13:02  Refinery  
  187  13:04  Refinery  
  170  13:06  Marauder x3, Marine  
  170  13:07  Marine x2, Marauder  
  170  13:12  SCV  
  182  13:17  Missile Turret  
  168  13:24  Marine, SCV  
  137  13:27  Marine, Marauder  
  137  13:28  Marine x2, Marauder x2  
  121  13:36  SCV  
  121  13:38  Missile Turret  
  120  13:42  Marine  
  120  13:45  Marine x2  
  120  13:46  Marauder  
  117  13:49  Marauder x3  
  122  13:59  Missile Turret  
Tags
 
Matchup
TvZ
Replay Pack
Multiplayer
Spawn Locations
Cross Positions
Add a new tag
Caveats
  • Supply blocks, unpowered buildings, or Contaminate may cause inaccurate times.
  • Supply counts are checked every 10 seconds.